Blue Jackets vs Red Wings (R3)

Created - den 12 mars 2015 at 18:24

Goals
1 2 3 T
Blue Jackets 0 0 0 0
Red Wings 0 2 1 3
Shots
1 2 3 T
Blue Jackets 9 9 10 28
Red Wings 6 15 9 30

1st period

No Goal

Penalties :
Andre Benoit (DET) for Holding (Minor) at 7:22

2nd period

1. Red Wings , Pierre-Alexandre Parenteau 13 (Matt Carle, Mikhail Grabovski) at 3:02 (PP)
2. Red Wings , Matt Duchene 33 (Joffrey Lupul, Alex Tanguay) at 6:37

Penalties :
Tyler Johnson (CLB) for Holding (Minor) at 1:41, Nate Thompson (CLB) for Roughing (Minor) at 7:39, Dustin Brown (CLB) for Holding (Minor) at 12:12, Danny DeKeyser (CLB) for High sticking (Minor) at 14:20

3rd period

3. Red Wings , Scott Hannan 3 (Jarret Stoll, Boyd Gordon) at 13:51

Penalties :
Ryan Garbutt (CLB) for Interference (Minor) at 2:39, Andre Benoit (DET) for High sticking (Minor) at 4:43

Goalie Stats

Eddie Lack (CLB), 27 saves from 30 shots - (0,900), L, 26-19-5, 60:00 minutes
Sergei Bobrovsky (DET), 28 saves from 28 shots - (1,000), W, 37-19-4, 60:00 minutes

Players Stats for Blue Jackets

Player Name              G  A  P  +/- PIM S  H  SB GA TA FO     MP     PP MP  PK MP  
------------------------------------------------------------------------------------
Anton Stralman           0  0  0   0  0   1  1  1  0  0  0/0    20:42   2:07   4:22 
Barret Jackman           0  0  0   0  0   0  3  0  0  0  0/0    20:16   1:40   4:23 
Brad Stuart              0  0  0   0  0   1  5  1  0  0  0/0    22:53   1:32   4:03 
Dainius Zubrus           0  0  0  -1  0   3  2  0  0  0  6/7    20:14   1:40   4:34 
Danny DeKeyser           0  0  0  -2  2   0  2  1  0  0  0/0    15:13   0:00   0:00 
Dustin Brown             0  0  0   0  2   1  1  0  0  0  0/1    16:19   1:51   0:21 
Henrik Tallinder         0  0  0   0  0   1  0  1  0  0  0/0     9:35   1:32   4:29 
J.T. Brown               0  0  0   0  0   0  1  0  0  0  0/1     8:47   0:00   0:00 
James Sheppard           0  0  0  -1  0   2  5  0  0  0  1/5    18:37   0:00   0:00 
Nate Thompson            0  0  0   0  2   0  4  0  0  0  4/13    9:08   0:00   0:22 
Nick Schultz             0  0  0  -2  0   0  4  1  0  0  0/0    16:16   0:46   1:13 
Patrice Bergeron         0  0  0   0  0   6  1  0  0  0  13/28  20:20   1:51   4:21 
Ray Whitney              0  0  0  -1  0   1  0  0  0  0  0/0    16:07   2:07   0:00 
Ryan Garbutt             0  0  0  -1  2   2  2  1  0  0  0/1    10:16   0:27   0:00 
Shawn Matthias           0  0  0   0  0   0  0  0  0  0  2/2    18:30   0:00   4:22 
Travis Zajac             0  0  0  -1  0   5  0  0  0  0  6/13   16:15   1:51   4:34 
Tyler Johnson            0  0  0  -1  2   4  0  0  0  0  13/23  16:06   2:07   0:00 
Willie Mitchell          0  0  0   0  0   1  0  0  0  0  0/0    15:04   0:19   0:04 

Players Stats for Red Wings

Player Name              G  A  P  +/- PIM S  H  SB GA TA FO     MP     PP MP  PK MP  
------------------------------------------------------------------------------------
Alex Tanguay             0  1  1   1  0   2  3  0  0  0  1/4    21:09   5:03   0:00 
Andre Benoit             0  0  0   2  4   0  4  0  0  0  0/0    16:30   4:33   0:00 
Boyd Gordon              0  1  1   1  0   0  0  0  0  0  13/24  15:20   0:08   2:57 
Cody McLeod              0  0  0   1  0   3  3  0  0  0  0/0    13:32   0:33   1:01 
Cory Conacher            0  0  0   0  0   0  0  0  0  0  0/0     3:18   0:00   0:00 
James Wisniewski         0  0  0   0  0   1  1  1  0  0  0/0    22:07   4:58   2:12 
Jamie McGinn             0  0  0   0  0   1  2  0  0  0  1/1    19:29   4:06   0:00 
Jarret Stoll             0  1  1   1  0   2  0  0  0  0  2/2    13:07   0:08   1:01 
Jason Demers             0  0  0   0  0   1  1  0  0  0  0/0    19:01   4:11   0:00 
Joffrey Lupul            0  1  1   1  0   5  0  0  0  0  1/1    20:44   4:38   0:00 
John Mitchell            0  0  0   0  0   1  0  0  0  0  2/2     6:15   0:00   2:57 
Johnny Oduya             0  0  0   0  0   0  0  3  0  0  0/0    17:01   0:08   1:46 
Mark Fraser              0  0  0   0  0   0  3  0  0  0  0/0     4:59   0:00   0:00 
Matt Carle               0  1  1   0  0   2  1  2  0  0  0/0    25:36   4:11   1:46 
Matt Duchene             1  0  1   1  0   6  0  0  0  0  15/26  24:10   5:03   0:00 
Mikhail Grabovski        0  1  1   0  0   3  2  0  0  0  13/30  19:29   4:06   0:00 
Pierre-Alexandre Parente 1  0  1   0  0   1  3  0  0  0  1/4    19:29   4:06   0:00 
Scott Hannan             1  0  1   2  0   2  4  1  0  0  0/0    14:44   0:33   2:12 

3 Stars

1 - Sergei Bobrovsky (DET)
2 - Scott Hannan (DET)
3 - Pierre-Alexandre Parenteau (DET)

Power Play

Blue Jackets - 0 on 2 Attempt(s) - 0,00%
Red Wings - 1 on 5 Attempt(s) - 20,00%

Penalty Kill

Blue Jackets - 4 on 5 Attempt(s) - 80,00% - Score 0 goal in Penalty Kill
Red Wings - 2 on 2 Attempt(s) - 100,00% - Score 0 goal in Penalty Kill

Team Stat

Blue Jackets - Hits : 31 - Faceoff Wins : 45 - Blocked Shots : 6 - Penalty Minutes : 10
Red Wings - Hits : 27 - Faceoff Wins : 49 - Blocked Shots : 7 - Penalty Minutes : 4

Official

Referees : Ryan Fraser and Brent Montsion
Linesman : Francois Dussureault and Brian Murphy

Game Notes

No Game Note

Finance

Level 1 -- Attendance: 6081 (90,91%) -- Ticket Income 486.480 kr
Level 2 -- Attendance: 4755 (85,31%) -- Ticket Income 237.750 kr
Level 3 -- Attendance: 1990 (89,24%) -- Ticket Income 59.700 kr
Level 4 -- Attendance: 4204 (94,30%) -- Ticket Income 84.080 kr
Luxury Box -- Attendance: 930 (83,41%) -- Ticket Income 139.500 kr
Game was played at the Joe Louis Arena'
Total Attendance: 17960 (89,50%)
Total Ticket Income: 1.007.510 kr
Other Income: 493.680 kr
Total Income: 1.501.190 kr

Blue Jackets

5 vs 5 Forward 
   Center                   Left Wing                Right Wing               Time % Phy DF OF 
 1 Patrice Bergeron         Shawn Matthias           Dustin Brown             30     0   2  3  
 2 Tyler Johnson            Ray Whitney              Dainius Zubrus           28     0   2  3  
 3 Travis Zajac             James Sheppard           Ryan Garbutt             22     3   1  1  
 4 Nate Thompson            James Sheppard           J.T. Brown               20     1   3  1  

5 vs 5 Defense 
   Defense                  Defense                                           Time % Phy DF OF 
 1 Barret Jackman           Anton Stralman                                    30     1   2  2  
 2 Brad Stuart              Willie Mitchell                                   30     1   2  2  
 3 Nick Schultz             Danny DeKeyser                                    30     1   2  2  
 4 Brad Stuart              Henrik Tallinder                                  10     1   2  2  

PowerPlay Forward 
   Center                   Left Wing                Right Wing               Time % Phy DF OF 
 1 Patrice Bergeron         Travis Zajac             Dustin Brown             50     0   1  4  
 2 Tyler Johnson            Ray Whitney              Dainius Zubrus           50     0   1  4  

PowerPlay Defense
   Defense                  Defense                                           Time % Phy DF OF 
 1 Barret Jackman           Anton Stralman                                    50     0   2  3  
 2 Brad Stuart              Henrik Tallinder                                  50     0   2  3  

Penalty Kill 4 Players Forward 
   Center                   Wing                     Time % Phy DF OF 
 1 Patrice Bergeron         Shawn Matthias           50     0   4  1  
 2 Dainius Zubrus           Travis Zajac             50     0   4  1  

Penalty Kill 4 Players Defense
   Defense                  Defense                  Time % Phy DF OF 
 1 Barret Jackman           Anton Stralman           50     0   4  1  
 2 Henrik Tallinder         Brad Stuart              50     0   4  1  

Penalty Kill - 3 Players Forward 
   Forward                                           Time % Phy DF OF 
 1 Patrice Bergeron                                  50     0   4  1  
 2 Dainius Zubrus                                    50     0   5  0  

Penalty Kill - 3 Players Defense
   Defense                  Defense                  Time % Phy DF OF 
 1 Nick Schultz             Brad Stuart              50     0   5  0  
 2 Henrik Tallinder         Barret Jackman           50     0   5  0  

4 vs 4 Forward 
   Center                   Wing                     Time % Phy DF OF 
 1 Patrice Bergeron         Tyler Johnson            50     0   2  3  
 2 Dainius Zubrus           Travis Zajac             50     0   2  3  

4 vs 4 Defense
   Defense                  Defense                  Time % Phy DF OF 
 1 Barret Jackman           Anton Stralman           50     0   3  2  
 2 Brad Stuart              Henrik Tallinder         50     0   3  2  

Last Minutes Offensive
   Center                   Left Wing                Right Wing               Defense                  Defense                  
   Patrice Bergeron         Travis Zajac             Dainius Zubrus           Brad Stuart              Barret Jackman           

Last Minutes Defensive
   Center                   Left Wing                Right Wing               Defense                  Defense                  
   Patrice Bergeron         Travis Zajac             Dainius Zubrus           Brad Stuart              Barret Jackman           

Goaltenders
Starting : Eddie Lack               
Backup : Jhonas Enroth            

Extra Forwards
Normal : Dainius Zubrus, Shawn Matthias, Travis Zajac - PP : Dainius Zubrus, Ryan Garbutt - PK : Travis Zajac
Extra Defensemen
Normal : Henrik Tallinder, Nick Schultz, Brad Stuart - PP : Henrik Tallinder - PK : Barret Jackman, Brad Stuart
Penalty Shots
Patrice Bergeron, Tyler Johnson, Dustin Brown, Travis Zajac, Ray Whitney

Red Wings

5 vs 5 Forward 
   Center                   Left Wing                Right Wing               Time % Phy DF OF 
 1 Matt Duchene             Joffrey Lupul            Alex Tanguay             45     0   0  5  
 2 Mikhail Grabovski        Jamie McGinn             Pierre-Alexandre Parentea30     0   0  5  
 3 Boyd Gordon              Cody McLeod              Jarret Stoll             15     0   5  0  
 4 Matt Duchene             John Mitchell            Cory Conacher            10     0   0  5  

5 vs 5 Defense 
   Defense                  Defense                                           Time % Phy DF OF 
 1 James Wisniewski         Matt Carle                                        45     0   0  5  
 2 Jason Demers             Johnny Oduya                                      25     0   2  3  
 3 Scott Hannan             Andre Benoit                                      20     0   3  2  
 4 Matt Carle               Mark Fraser                                       10     0   5  0  

PowerPlay Forward 
   Center                   Left Wing                Right Wing               Time % Phy DF OF 
 1 Matt Duchene             Joffrey Lupul            Alex Tanguay             70     0   0  5  
 2 Mikhail Grabovski        Jamie McGinn             Pierre-Alexandre Parentea30     0   0  5  

PowerPlay Defense
   Defense                  Defense                                           Time % Phy DF OF 
 1 Andre Benoit             James Wisniewski                                  70     0   0  5  
 2 Jason Demers             Matt Carle                                        30     0   0  5  

Penalty Kill 4 Players Forward 
   Center                   Wing                     Time % Phy DF OF 
 1 Boyd Gordon              John Mitchell            60     0   5  0  
 2 Jarret Stoll             Cody McLeod              40     0   5  0  

Penalty Kill 4 Players Defense
   Defense                  Defense                  Time % Phy DF OF 
 1 Johnny Oduya             Matt Carle               65     0   5  0  
 2 Scott Hannan             James Wisniewski         35     0   5  0  

Penalty Kill - 3 Players Forward 
   Forward                                           Time % Phy DF OF 
 1 Boyd Gordon                                       60     0   5  0  
 2 Jarret Stoll                                      40     0   5  0  

Penalty Kill - 3 Players Defense
   Defense                  Defense                  Time % Phy DF OF 
 1 Johnny Oduya             Matt Carle               65     0   5  0  
 2 James Wisniewski         Scott Hannan             35     0   5  0  

4 vs 4 Forward 
   Center                   Wing                     Time % Phy DF OF 
 1 Matt Duchene             Joffrey Lupul            60     0   2  3  
 2 Alex Tanguay             Pierre-Alexandre Parentea40     0   2  3  

4 vs 4 Defense
   Defense                  Defense                  Time % Phy DF OF 
 1 Matt Carle               James Wisniewski         70     0   2  3  
 2 Johnny Oduya             Jason Demers             30     0   2  3  

Last Minutes Offensive
   Center                   Left Wing                Right Wing               Defense                  Defense                  
   Matt Duchene             Joffrey Lupul            Alex Tanguay             Matt Carle               James Wisniewski         

Last Minutes Defensive
   Center                   Left Wing                Right Wing               Defense                  Defense                  
   Boyd Gordon              John Mitchell            Jarret Stoll             Johnny Oduya             Matt Carle               

Goaltenders
Starting : Sergei Bobrovsky         
Backup : Viktor Fasth             

Extra Forwards
Normal : Pierre-Alexandre Parenteau, Joffrey Lupul, Matt Duchene - PP : Matt Duchene, Alex Tanguay - PK : John Mitchell
Extra Defensemen
Normal : Scott Hannan, Andre Benoit, Johnny Oduya - PP : Scott Hannan - PK : Mark Fraser, Johnny Oduya
Penalty Shots
Matt Duchene, Joffrey Lupul, Alex Tanguay, Mikhail Grabovski, Pierre-Alexandre Parenteau

% Time on Ice - Blue Jackets

Lines # - Real PCT - Wanted PCT - Time Play
Normal Forward
1 - 30% - 30% - 14:08
2 - 30% - 28% - 14:00
3 - 21% - 22% - 9:50
4 - 19% - 20% - 8:47
Normal Defense
1 - 30% - 30% - 14:13
2 - 31% - 30% - 14:41
3 - 33% - 30% - 15:14
4 - 6% - 10% - 2:37
PP Forward
1 - 47% - 50% - 1:51
2 - 53% - 50% - 2:07
PP Defense
1 - 61% - 50% - 2:26
2 - 39% - 50% - 1:32
PK Forward
1 - 51% - 50% - 4:43
2 - 49% - 50% - 4:34
PK Defense
1 - 51% - 50% - 4:44
2 - 49% - 50% - 4:33
PK3 Forward
1 - 0% - 50%
2 - 0% - 50%
PK3 Defense
1 - 0% - 50%
2 - 0% - 50%
44 Forward
1 - 0% - 50%
2 - 0% - 50%
44 Defense
1 - 0% - 50%
2 - 0% - 50%
Last Minute Offensive  - 0:00
Last Minute Defensive  - 0:00
Total
Forward - 60:00
Defense - 60:00

% Time on Ice - Red Wings

Lines # - Real PCT - Wanted PCT - Time Play
Normal Forward
1 - 34% - 45% - 16:06
2 - 33% - 30% - 15:23
3 - 26% - 15% - 11:58
4 - 7% - 10% - 3:18
Normal Defense
1 - 32% - 45% - 14:57
2 - 32% - 25% - 14:50
3 - 26% - 20% - 11:59
4 - 11% - 10% - 4:59
PP Forward
1 - 56% - 70% - 5:11
2 - 44% - 30% - 4:06
PP Defense
1 - 55% - 70% - 5:06
2 - 45% - 30% - 4:11
PK Forward
1 - 74% - 60% - 2:57
2 - 26% - 40% - 1:01
PK Defense
1 - 45% - 65% - 1:46
2 - 55% - 35% - 2:12
PK3 Forward
1 - 0% - 60%
2 - 0% - 40%
PK3 Defense
1 - 0% - 65%
2 - 0% - 35%
44 Forward
1 - 0% - 60%
2 - 0% - 40%
44 Defense
1 - 0% - 70%
2 - 0% - 30%
Last Minute Offensive  - 0:00
Last Minute Defensive  - 0:00
Total
Forward - 60:00
Defense - 60:00

Play by Play

1st period


0:01 of 1st period - Matt Duchene wins face-off versus Patrice Bergeron in neutral zone.
0:21 of 1st period - Shot by Patrice Bergeron.
0:21 of 1st period - Shot Misses the Net.
0:25 of 1st period - Shot by Dustin Brown.
0:25 of 1st period - Shot Misses the Net.
0:27 of 1st period - Shot by Anton Stralman.
0:27 of 1st period - Stopped by Sergei Bobrovsky without a rebound.
0:28 of 1st period - Mikhail Grabovski wins face-off versus Tyler Johnson in Red Wings zone.
0:32 of 1st period - Off-side.
0:33 of 1st period - Boyd Gordon wins face-off versus James Sheppard in neutral zone.
0:46 of 1st period - Shot by Jarret Stoll.
0:46 of 1st period - Shot Blocked by Ryan Garbutt.
0:48 of 1st period - Shot by Andre Benoit.
0:48 of 1st period - Shot Misses the Net.
0:50 of 1st period - Shot by Boyd Gordon.
0:50 of 1st period - Shot Blocked by Danny DeKeyser.
0:52 of 1st period - Shot by Jarret Stoll.
0:52 of 1st period - Stopped by Eddie Lack without a rebound.
0:53 of 1st period - Tyler Johnson wins face-off versus Mikhail Grabovski in Blue Jackets zone.
0:53 of 1st period - Tyler Johnson is hit by Mikhail Grabovski.
1:00 of 1st period - Icing by Willie Mitchell.
1:01 of 1st period - Matt Duchene wins face-off versus Tyler Johnson in Blue Jackets zone.
1:05 of 1st period - Matt Duchene is hit by Brad Stuart.
1:17 of 1st period - Shot by Cory Conacher.
1:17 of 1st period - Shot Misses the Net.
1:26 of 1st period - Icing by Matt Duchene.
1:27 of 1st period - Matt Duchene wins face-off versus Nate Thompson in Red Wings zone.
1:27 of 1st period - Matt Carle is hit by Nate Thompson and loses puck.
1:52 of 1st period - Shot by James Sheppard.
1:52 of 1st period - Deflect By J.T. Brown.
1:52 of 1st period - Shot Blocked by Matt Carle.
1:59 of 1st period - J.T. Brown is hit by Mark Fraser and loses puck.
2:11 of 1st period - Patrice Bergeron is hit by Mark Fraser and loses puck.
2:43 of 1st period - Icing by Jason Demers.
2:44 of 1st period - Tyler Johnson wins face-off versus Mikhail Grabovski in Red Wings zone.
3:27 of 1st period - Cody McLeod is hit by Brad Stuart and loses puck.
3:36 of 1st period - Boyd Gordon is hit by Dainius Zubrus.
3:37 of 1st period - Icing by Boyd Gordon.
3:38 of 1st period - Boyd Gordon wins face-off versus James Sheppard in Red Wings zone.
3:42 of 1st period - Cody McLeod is hit by Nick Schultz and loses puck.
3:46 of 1st period - Icing by Travis Zajac.
3:47 of 1st period - Travis Zajac wins face-off versus Matt Duchene in Blue Jackets zone.
4:10 of 1st period - Matt Duchene is hit by Nick Schultz and loses puck.
4:19 of 1st period - Matt Carle is hit by Ryan Garbutt and loses puck.
4:29 of 1st period - Matt Duchene is hit by Danny DeKeyser and loses puck.
5:21 of 1st period - Patrice Bergeron is hit by Andre Benoit and loses puck.
5:25 of 1st period - Icing by Boyd Gordon.
5:26 of 1st period - Boyd Gordon wins face-off versus Tyler Johnson in Red Wings zone.
5:46 of 1st period - Off-side.
5:47 of 1st period - Matt Duchene wins face-off versus Nate Thompson in neutral zone.
5:55 of 1st period - Shot by Joffrey Lupul.
5:55 of 1st period - Shot Misses the Net.
5:57 of 1st period - Shot by Alex Tanguay.
5:57 of 1st period - Shot Misses the Net.
6:41 of 1st period - Brad Stuart is hit by Pierre-Alexandre Parenteau.
6:58 of 1st period - Icing by James Sheppard.
6:59 of 1st period - Boyd Gordon wins face-off versus Nate Thompson in Blue Jackets zone.
7:07 of 1st period - Icing by Scott Hannan.
7:08 of 1st period - Patrice Bergeron wins face-off versus Boyd Gordon in Red Wings zone.
7:08 of 1st period - Barret Jackman is hit by Andre Benoit and loses puck.
7:13 of 1st period - Shot by Patrice Bergeron.
7:13 of 1st period - Stopped by Sergei Bobrovsky with a rebound.
7:19 of 1st period - Shot by Shawn Matthias.
7:19 of 1st period - Deflect By Dustin Brown.
7:19 of 1st period - Shot Misses the Net.
7:22 of 1st period - Minor Penalty to Andre Benoit for Holding.
7:23 of 1st period - Boyd Gordon wins face-off versus Tyler Johnson in Red Wings zone.
8:03 of 1st period - Barret Jackman is hit by Cody McLeod and loses puck.
8:19 of 1st period - Off-side.
8:20 of 1st period - Patrice Bergeron wins face-off versus Boyd Gordon in neutral zone.
9:10 of 1st period - Shot by Patrice Bergeron.
9:10 of 1st period - Shot Blocked by Scott Hannan.
9:12 of 1st period - Shot by Willie Mitchell.
9:12 of 1st period - Stopped by Sergei Bobrovsky without a rebound.
9:13 of 1st period - Jarret Stoll wins face-off versus Tyler Johnson in Red Wings zone.
9:24 of 1st period - Matt Duchene is hit by Nate Thompson.
9:32 of 1st period - Shot by Matt Duchene.
9:32 of 1st period - Stopped by Eddie Lack without a rebound.
9:33 of 1st period - Mikhail Grabovski wins face-off versus Tyler Johnson in Blue Jackets zone.
9:38 of 1st period - Shot by Mikhail Grabovski.
9:38 of 1st period - Shot Misses the Net.
9:43 of 1st period - Icing by Danny DeKeyser.
9:44 of 1st period - Matt Duchene wins face-off versus Tyler Johnson in Blue Jackets zone.
9:59 of 1st period - Shot by Tyler Johnson.
9:59 of 1st period - Shot Misses the Net.
10:05 of 1st period - Shot by Ray Whitney.
10:05 of 1st period - Shot Misses the Net.
10:19 of 1st period - Shot by Joffrey Lupul.
10:19 of 1st period - Shot Misses the Net.
10:27 of 1st period - Shot by Patrice Bergeron.
10:27 of 1st period - Stopped by Sergei Bobrovsky with a rebound.
10:29 of 1st period - Shot by Patrice Bergeron.
10:29 of 1st period - Stopped by Sergei Bobrovsky with a rebound.
10:57 of 1st period - Shot by Ryan Garbutt.
10:57 of 1st period - Shot Blocked by Johnny Oduya.
10:59 of 1st period - Shot by Travis Zajac.
10:59 of 1st period - Stopped by Sergei Bobrovsky with a rebound.
11:01 of 1st period - Shot by Brad Stuart.
11:01 of 1st period - Shot Misses the Net.
11:05 of 1st period - Shot by Travis Zajac.
11:05 of 1st period - Shot Blocked by Johnny Oduya.
11:09 of 1st period - Shot by Travis Zajac.
11:09 of 1st period - Stopped by Sergei Bobrovsky without a rebound.
11:10 of 1st period - Jamie McGinn wins face-off versus James Sheppard in Red Wings zone.
11:19 of 1st period - Nate Thompson is hit by Mikhail Grabovski and loses puck.
11:49 of 1st period - Matt Carle is hit by Dainius Zubrus and loses puck.
12:08 of 1st period - Shot by Boyd Gordon.
12:08 of 1st period - Shot Misses the Net.
12:10 of 1st period - Shot by Cody McLeod.
12:10 of 1st period - Stopped by Eddie Lack without a rebound.
12:11 of 1st period - Shawn Matthias wins face-off versus Boyd Gordon in Blue Jackets zone.
12:11 of 1st period - Shawn Matthias is hit by Cody McLeod.
12:18 of 1st period - Barret Jackman is hit by Scott Hannan and loses puck.
12:24 of 1st period - Patrice Bergeron is hit by Scott Hannan and loses puck.
12:42 of 1st period - Patrice Bergeron is hit by Scott Hannan.
12:49 of 1st period - Andre Benoit is hit by Barret Jackman and loses puck.
13:11 of 1st period - Matt Duchene is hit by Patrice Bergeron.
13:14 of 1st period - Off-side.
13:15 of 1st period - Tyler Johnson wins face-off versus Mikhail Grabovski in neutral zone.
13:57 of 1st period - Ray Whitney is hit by Jason Demers and loses puck.
14:44 of 1st period - Icing by Boyd Gordon.
14:45 of 1st period - Boyd Gordon wins face-off versus Travis Zajac in Red Wings zone.
14:45 of 1st period - Boyd Gordon is hit by James Sheppard.
15:09 of 1st period - Shot by Ryan Garbutt.
15:09 of 1st period - Stopped by Sergei Bobrovsky without a rebound.
15:10 of 1st period - Mikhail Grabovski wins face-off versus Dustin Brown in Red Wings zone.
15:23 of 1st period - Shot by Jamie McGinn.
15:23 of 1st period - Stopped by Eddie Lack without a rebound.
15:24 of 1st period - Matt Duchene wins face-off versus Nate Thompson in Blue Jackets zone.
15:27 of 1st period - Shot by Joffrey Lupul.
15:27 of 1st period - Stopped by Eddie Lack without a rebound.
15:28 of 1st period - Matt Duchene wins face-off versus Patrice Bergeron in Blue Jackets zone.
15:41 of 1st period - Shot by Shawn Matthias.
15:41 of 1st period - Shot Blocked by Matt Carle.
16:14 of 1st period - Icing by Matt Duchene.
16:15 of 1st period - Travis Zajac wins face-off versus Alex Tanguay in Red Wings zone.
17:47 of 1st period - Icing by Anton Stralman.
17:48 of 1st period - Boyd Gordon wins face-off versus Patrice Bergeron in Blue Jackets zone.
18:02 of 1st period - Icing by Andre Benoit.
18:03 of 1st period - Boyd Gordon wins face-off versus Nate Thompson in Red Wings zone.
18:03 of 1st period - Boyd Gordon is hit by James Sheppard.
18:21 of 1st period - J.T. Brown is hit by Andre Benoit and loses puck.
18:50 of 1st period - Scott Hannan is hit by Anton Stralman.
19:12 of 1st period - Shot by Matt Duchene.
19:12 of 1st period - Stopped by Eddie Lack without a rebound.
19:13 of 1st period - Matt Duchene wins face-off versus Patrice Bergeron in Blue Jackets zone.
19:18 of 1st period - Shot by John Mitchell.
19:18 of 1st period - Shot Misses the Net.
19:34 of 1st period - Shot by Patrice Bergeron.
19:34 of 1st period - Stopped by Sergei Bobrovsky without a rebound.
19:35 of 1st period - Mikhail Grabovski wins face-off versus Travis Zajac in Red Wings zone.
19:41 of 1st period - Matt Carle is hit by Nick Schultz and loses puck.
Goals for this period are 0 for Blue Jackets vs 0 for Red Wings.
Shots for this period are 9 for Blue Jackets vs 6 for Red Wings.

2nd period


0:01 of 2nd period - Matt Duchene wins face-off versus Travis Zajac in neutral zone.
0:08 of 2nd period - Shot by Matt Duchene.
0:08 of 2nd period - Deflect By Joffrey Lupul.
0:08 of 2nd period - Stopped by Eddie Lack without a rebound.
0:09 of 2nd period - Patrice Bergeron wins face-off versus Matt Duchene in Blue Jackets zone.
0:16 of 2nd period - Shot by Patrice Bergeron.
0:16 of 2nd period - Stopped by Sergei Bobrovsky without a rebound.
0:17 of 2nd period - Matt Duchene wins face-off versus Travis Zajac in Red Wings zone.
0:32 of 2nd period - Shot by Matt Duchene.
0:32 of 2nd period - Shot Misses the Net.
0:44 of 2nd period - Shot by Joffrey Lupul.
0:44 of 2nd period - Shot Misses the Net.
0:46 of 2nd period - Shot by Matt Duchene.
0:46 of 2nd period - Stopped by Eddie Lack without a rebound.
0:47 of 2nd period - Mikhail Grabovski wins face-off versus Patrice Bergeron in Blue Jackets zone.
0:50 of 2nd period - Shot by Pierre-Alexandre Parenteau.
0:50 of 2nd period - Shot Misses the Net.
1:41 of 2nd period - Minor Penalty to Tyler Johnson for Holding.
1:42 of 2nd period - Dainius Zubrus wins face-off versus Matt Duchene in Blue Jackets zone.
2:25 of 2nd period - Anton Stralman is hit by Alex Tanguay and loses puck.
3:02 of 2nd period - Shot by Pierre-Alexandre Parenteau.
3:02 of 2nd period - Goal by Pierre-Alexandre Parenteau - Blue Jackets : 0 - Red Wings : 1.
3:03 of 2nd period - Nate Thompson wins face-off versus Boyd Gordon in neutral zone.
3:46 of 2nd period - Matt Carle is hit by Brad Stuart and loses puck.
4:03 of 2nd period - Shot by John Mitchell.
4:03 of 2nd period - Stopped by Eddie Lack without a rebound.
4:04 of 2nd period - Mikhail Grabovski wins face-off versus Patrice Bergeron in Blue Jackets zone.
4:23 of 2nd period - Shot by Mikhail Grabovski.
4:23 of 2nd period - Stopped by Eddie Lack with a rebound.
4:44 of 2nd period - Icing by Mikhail Grabovski.
4:45 of 2nd period - Tyler Johnson wins face-off versus Mikhail Grabovski in Red Wings zone.
4:49 of 2nd period - Icing by Scott Hannan.
4:50 of 2nd period - Mikhail Grabovski wins face-off versus Travis Zajac in Red Wings zone.
5:05 of 2nd period - Shot by Travis Zajac.
5:05 of 2nd period - Stopped by Sergei Bobrovsky with a rebound.
5:07 of 2nd period - Shot by James Sheppard.
5:07 of 2nd period - Shot Misses the Net.
5:35 of 2nd period - Off-side.
5:36 of 2nd period - Tyler Johnson wins face-off versus Boyd Gordon in neutral zone.
5:40 of 2nd period - Off-side.
5:41 of 2nd period - Tyler Johnson wins face-off versus Boyd Gordon in neutral zone.
5:53 of 2nd period - Dainius Zubrus is hit by Matt Carle.
6:11 of 2nd period - Shot by Cody McLeod.
6:11 of 2nd period - Deflect By Boyd Gordon.
6:11 of 2nd period - Shot Misses the Net.
6:13 of 2nd period - Shot by Cody McLeod.
6:13 of 2nd period - Stopped by Eddie Lack with a rebound.
6:15 of 2nd period - Shot by Matt Carle.
6:15 of 2nd period - Stopped by Eddie Lack with a rebound.
6:17 of 2nd period - Shot by Cody McLeod.
6:17 of 2nd period - Shot Misses the Net.
6:35 of 2nd period - Shot by Joffrey Lupul.
6:35 of 2nd period - Shot Misses the Net.
6:37 of 2nd period - Shot by Matt Duchene.
6:37 of 2nd period - Goal by Matt Duchene - Blue Jackets : 0 - Red Wings : 2.
6:38 of 2nd period - Nate Thompson wins face-off versus Mikhail Grabovski in neutral zone.
6:54 of 2nd period - Shot by Jason Demers.
6:54 of 2nd period - Stopped by Eddie Lack without a rebound.
6:55 of 2nd period - Patrice Bergeron wins face-off versus Matt Duchene in Blue Jackets zone.
7:31 of 2nd period - Shot by Dustin Brown.
7:31 of 2nd period - Stopped by Sergei Bobrovsky without a rebound.
7:32 of 2nd period - Mikhail Grabovski wins face-off versus Nate Thompson in Red Wings zone.
7:32 of 2nd period - Mikhail Grabovski is hit by Nate Thompson.
7:39 of 2nd period - Minor Penalty to Nate Thompson for Roughing.
7:40 of 2nd period - Mikhail Grabovski wins face-off versus Dainius Zubrus in Blue Jackets zone.
7:53 of 2nd period - Shot by Mikhail Grabovski.
7:53 of 2nd period - Stopped by Eddie Lack without a rebound.
7:54 of 2nd period - Matt Duchene wins face-off versus Patrice Bergeron in Blue Jackets zone.
8:05 of 2nd period - Shot by Joffrey Lupul.
8:05 of 2nd period - Stopped by Eddie Lack with a rebound.
8:07 of 2nd period - Shot by James Wisniewski.
8:07 of 2nd period - Shot Blocked by Anton Stralman.
8:25 of 2nd period - Shot by Alex Tanguay.
8:25 of 2nd period - Stopped by Eddie Lack without a rebound.
8:26 of 2nd period - Dainius Zubrus wins face-off versus Mikhail Grabovski in Blue Jackets zone.
8:52 of 2nd period - Shot by Mikhail Grabovski.
8:52 of 2nd period - Stopped by Eddie Lack with a rebound.
8:56 of 2nd period - Shot by Jason Demers.
8:56 of 2nd period - Shot Blocked by Henrik Tallinder.
9:13 of 2nd period - Icing by Matt Carle.
9:14 of 2nd period - Patrice Bergeron wins face-off versus Mikhail Grabovski in Red Wings zone.
10:45 of 2nd period - Dainius Zubrus is hit by James Wisniewski and loses puck.
11:31 of 2nd period - Off-side.
11:32 of 2nd period - Travis Zajac wins face-off versus Mikhail Grabovski in neutral zone.
11:47 of 2nd period - Shot by James Sheppard.
11:47 of 2nd period - Stopped by Sergei Bobrovsky without a rebound.
11:48 of 2nd period - Shawn Matthias wins face-off versus Mikhail Grabovski in Red Wings zone.
12:12 of 2nd period - Minor Penalty to Dustin Brown for Holding.
12:13 of 2nd period - Dainius Zubrus wins face-off versus Matt Duchene in Blue Jackets zone.
12:31 of 2nd period - Icing by Andre Benoit.
12:32 of 2nd period - Dainius Zubrus wins face-off versus Matt Duchene in Red Wings zone.
12:33 of 2nd period - Shot by Travis Zajac.
12:33 of 2nd period - Stopped by Sergei Bobrovsky with a rebound.
12:39 of 2nd period - Shot by Travis Zajac.
12:39 of 2nd period - Stopped by Sergei Bobrovsky with a rebound.
12:41 of 2nd period - Shot by Travis Zajac.
12:41 of 2nd period - Shot Misses the Net.
12:43 of 2nd period - Shot by Henrik Tallinder.
12:43 of 2nd period - Stopped by Sergei Bobrovsky with a rebound.
12:59 of 2nd period - Shot by Travis Zajac.
12:59 of 2nd period - Deflect By Dainius Zubrus.
12:59 of 2nd period - Stopped by Sergei Bobrovsky without a rebound.
13:00 of 2nd period - Patrice Bergeron wins face-off versus Mikhail Grabovski in Red Wings zone.
14:04 of 2nd period - James Wisniewski is hit by Barret Jackman.
14:19 of 2nd period - Boyd Gordon is hit by Danny DeKeyser and loses puck.
14:20 of 2nd period - Minor Penalty to Danny DeKeyser for High sticking.
14:21 of 2nd period - Patrice Bergeron wins face-off versus Alex Tanguay in Blue Jackets zone.
16:01 of 2nd period - Shot by Scott Hannan.
16:01 of 2nd period - Stopped by Eddie Lack with a rebound.
16:30 of 2nd period - Icing by Nate Thompson.
16:31 of 2nd period - Nate Thompson wins face-off versus Boyd Gordon in Blue Jackets zone.
17:59 of 2nd period - Dainius Zubrus is hit by Jamie McGinn.
18:21 of 2nd period - Shot by Joffrey Lupul.
18:21 of 2nd period - Stopped by Eddie Lack without a rebound.
18:22 of 2nd period - Patrice Bergeron wins face-off versus Matt Duchene in Blue Jackets zone.
19:00 of 2nd period - Icing by Anton Stralman.
19:01 of 2nd period - Boyd Gordon wins face-off versus Patrice Bergeron in Blue Jackets zone.
19:20 of 2nd period - Off-side.
19:21 of 2nd period - Travis Zajac wins face-off versus Pierre-Alexandre Parenteau in neutral zone.
19:28 of 2nd period - Shot by Ryan Garbutt.
19:28 of 2nd period - Stopped by Sergei Bobrovsky without a rebound.
19:29 of 2nd period - Pierre-Alexandre Parenteau wins face-off versus Nate Thompson in Red Wings zone.
19:29 of 2nd period - Mikhail Grabovski is hit by Nate Thompson and loses puck.
19:55 of 2nd period - Off-side.
19:56 of 2nd period - Tyler Johnson wins face-off versus Boyd Gordon in neutral zone.
Goals for this period are 0 for Blue Jackets vs 2 for Red Wings.
Shots for this period are 9 for Blue Jackets vs 15 for Red Wings.

3rd period


0:01 of 3rd period - Travis Zajac wins face-off versus Matt Duchene in neutral zone.
0:19 of 3rd period - Matt Duchene is hit by Brad Stuart and loses puck.
0:32 of 3rd period - Shot by Matt Duchene.
0:32 of 3rd period - Stopped by Eddie Lack without a rebound.
0:33 of 3rd period - Patrice Bergeron wins face-off versus Mikhail Grabovski in Blue Jackets zone.
0:45 of 3rd period - Icing by Barret Jackman.
0:46 of 3rd period - Jarret Stoll wins face-off versus Patrice Bergeron in Blue Jackets zone.
0:54 of 3rd period - Off-side.
0:55 of 3rd period - Tyler Johnson wins face-off versus Alex Tanguay in neutral zone.
1:02 of 3rd period - Shot by Tyler Johnson.
1:02 of 3rd period - Shot Misses the Net.
1:16 of 3rd period - Shot by Tyler Johnson.
1:16 of 3rd period - Shot Misses the Net.
2:00 of 3rd period - Shot by Pierre-Alexandre Parenteau.
2:00 of 3rd period - Shot Misses the Net.
2:15 of 3rd period - Icing by Willie Mitchell.
2:16 of 3rd period - Tyler Johnson wins face-off versus Boyd Gordon in Blue Jackets zone.
2:39 of 3rd period - Minor Penalty to Ryan Garbutt for Interference.
2:40 of 3rd period - Patrice Bergeron wins face-off versus Mikhail Grabovski in Blue Jackets zone.
2:40 of 3rd period - Patrice Bergeron is hit by Pierre-Alexandre Parenteau.
2:54 of 3rd period - Shot by James Wisniewski.
2:54 of 3rd period - Stopped by Eddie Lack without a rebound.
2:55 of 3rd period - Matt Duchene wins face-off versus Patrice Bergeron in Blue Jackets zone.
3:00 of 3rd period - Shot by Joffrey Lupul.
3:00 of 3rd period - Shot Misses the Net.
3:18 of 3rd period - Shot by Jason Demers.
3:18 of 3rd period - Deflect By Alex Tanguay.
3:18 of 3rd period - Stopped by Eddie Lack without a rebound.
3:19 of 3rd period - Dainius Zubrus wins face-off versus Mikhail Grabovski in Blue Jackets zone.
3:19 of 3rd period - Travis Zajac is hit by Jamie McGinn and loses puck.
3:32 of 3rd period - Shot by James Wisniewski.
3:32 of 3rd period - Shot Blocked by Brad Stuart.
4:06 of 3rd period - Anton Stralman is hit by Alex Tanguay.
4:24 of 3rd period - Shot by Matt Carle.
4:24 of 3rd period - Shot Misses the Net.
4:26 of 3rd period - Shot by Matt Carle.
4:26 of 3rd period - Stopped by Eddie Lack with a rebound.
4:36 of 3rd period - Shot by Matt Duchene.
4:36 of 3rd period - Shot Blocked by Nick Schultz.
4:38 of 3rd period - Shot by Alex Tanguay.
4:38 of 3rd period - Shot Misses the Net.
4:43 of 3rd period - Minor Penalty to Andre Benoit for High sticking.
4:44 of 3rd period - Boyd Gordon wins face-off versus Patrice Bergeron in Red Wings zone.
4:59 of 3rd period - Shot by Henrik Tallinder.
4:59 of 3rd period - Shot Misses the Net.
5:01 of 3rd period - Shot by Travis Zajac.
5:01 of 3rd period - Shot Misses the Net.
5:03 of 3rd period - Shot by Brad Stuart.
5:03 of 3rd period - Shot Misses the Net.
5:05 of 3rd period - Shot by Henrik Tallinder.
5:05 of 3rd period - Shot Misses the Net.
5:07 of 3rd period - Shot by Patrice Bergeron.
5:07 of 3rd period - Stopped by Sergei Bobrovsky without a rebound.
5:08 of 3rd period - Boyd Gordon wins face-off versus Tyler Johnson in Red Wings zone.
6:49 of 3rd period - James Sheppard is hit by Mark Fraser and loses puck.
7:04 of 3rd period - Shot by Nate Thompson.
7:04 of 3rd period - Deflect By J.T. Brown.
7:04 of 3rd period - Shot Misses the Net.
7:32 of 3rd period - Icing by Johnny Oduya.
7:33 of 3rd period - Patrice Bergeron wins face-off versus Mikhail Grabovski in Red Wings zone.
7:43 of 3rd period - Icing by Jason Demers.
7:44 of 3rd period - Dainius Zubrus wins face-off versus Mikhail Grabovski in Red Wings zone.
7:47 of 3rd period - Shot by Tyler Johnson.
7:47 of 3rd period - Stopped by Sergei Bobrovsky without a rebound.
7:48 of 3rd period - Mikhail Grabovski wins face-off versus Patrice Bergeron in Red Wings zone.
7:59 of 3rd period - Shot by Jamie McGinn.
7:59 of 3rd period - Shot Hit the Post.
8:16 of 3rd period - Shot by Shawn Matthias.
8:16 of 3rd period - Shot Blocked by Johnny Oduya.
8:43 of 3rd period - Shot by Ray Whitney.
8:43 of 3rd period - Shot Misses the Net.
8:45 of 3rd period - Shot by Dainius Zubrus.
8:45 of 3rd period - Stopped by Sergei Bobrovsky without a rebound.
8:46 of 3rd period - Matt Duchene wins face-off versus Travis Zajac in Red Wings zone.
8:55 of 3rd period - Shot by Matt Duchene.
8:55 of 3rd period - Stopped by Eddie Lack without a rebound.
8:56 of 3rd period - Joffrey Lupul wins face-off versus Tyler Johnson in Blue Jackets zone.
9:31 of 3rd period - Shot by Tyler Johnson.
9:31 of 3rd period - Stopped by Sergei Bobrovsky without a rebound.
9:32 of 3rd period - Travis Zajac wins face-off versus Boyd Gordon in Red Wings zone.
9:41 of 3rd period - Shot by Danny DeKeyser.
9:41 of 3rd period - Shot Misses the Net.
10:05 of 3rd period - Travis Zajac is hit by Andre Benoit and loses puck.
10:33 of 3rd period - Icing by Jason Demers.
10:34 of 3rd period - Mikhail Grabovski wins face-off versus Patrice Bergeron in Red Wings zone.
10:40 of 3rd period - Mikhail Grabovski is hit by Brad Stuart and loses puck.
11:42 of 3rd period - Shot by Ray Whitney.
11:42 of 3rd period - Stopped by Sergei Bobrovsky without a rebound.
11:43 of 3rd period - John Mitchell wins face-off versus Nate Thompson in Red Wings zone.
11:45 of 3rd period - Icing by Matt Carle.
11:46 of 3rd period - Matt Duchene wins face-off versus Nate Thompson in Red Wings zone.
11:46 of 3rd period - Matt Duchene is hit by James Sheppard.
11:59 of 3rd period - Matt Duchene is hit by Nick Schultz and loses puck.
12:03 of 3rd period - Icing by Danny DeKeyser.
12:04 of 3rd period - Boyd Gordon wins face-off versus J.T. Brown in Blue Jackets zone.
12:15 of 3rd period - Danny DeKeyser is hit by Cody McLeod and loses puck.
12:24 of 3rd period - Shot by Boyd Gordon.
12:24 of 3rd period - Shot Hit the Post.
12:26 of 3rd period - Shot by Boyd Gordon.
12:26 of 3rd period - Deflect By Cody McLeod.
12:26 of 3rd period - Stopped by Eddie Lack without a rebound.
12:27 of 3rd period - Patrice Bergeron wins face-off versus Matt Duchene in Blue Jackets zone.
12:27 of 3rd period - Patrice Bergeron is hit by Alex Tanguay.
12:39 of 3rd period - Alex Tanguay is hit by Barret Jackman and loses puck.
13:04 of 3rd period - Shot by Joffrey Lupul.
13:04 of 3rd period - Stopped by Eddie Lack without a rebound.
13:05 of 3rd period - Tyler Johnson wins face-off versus Mikhail Grabovski in Blue Jackets zone.
13:26 of 3rd period - Shot by Tyler Johnson.
13:26 of 3rd period - Stopped by Sergei Bobrovsky without a rebound.
13:27 of 3rd period - Boyd Gordon wins face-off versus Ryan Garbutt in Red Wings zone.
13:32 of 3rd period - Cody McLeod is hit by James Sheppard and loses puck.
13:49 of 3rd period - Shot by Jarret Stoll.
13:49 of 3rd period - Stopped by Eddie Lack with a rebound.
13:51 of 3rd period - Shot by Scott Hannan.
13:51 of 3rd period - Goal by Scott Hannan - Blue Jackets : 0 - Red Wings : 3.
13:52 of 3rd period - Tyler Johnson wins face-off versus Matt Duchene in neutral zone.
14:01 of 3rd period - Shot by Ray Whitney.
14:01 of 3rd period - Deflect By Tyler Johnson.
14:01 of 3rd period - Stopped by Sergei Bobrovsky without a rebound.
14:02 of 3rd period - Matt Duchene wins face-off versus Patrice Bergeron in Red Wings zone.
14:25 of 3rd period - Icing by James Wisniewski.
14:26 of 3rd period - Alex Tanguay wins face-off versus Tyler Johnson in Red Wings zone.
14:50 of 3rd period - Shot by Dainius Zubrus.
14:50 of 3rd period - Stopped by Sergei Bobrovsky without a rebound.
14:51 of 3rd period - Mikhail Grabovski wins face-off versus Travis Zajac in Red Wings zone.
14:51 of 3rd period - Mikhail Grabovski is hit by James Sheppard.
14:56 of 3rd period - Jamie McGinn is hit by Ryan Garbutt and loses puck.
15:07 of 3rd period - Shot by Mikhail Grabovski.
15:07 of 3rd period - Shot Misses the Net.
15:39 of 3rd period - Icing by Scott Hannan.
15:40 of 3rd period - Patrice Bergeron wins face-off versus Boyd Gordon in Red Wings zone.
15:40 of 3rd period - Dustin Brown is hit by Scott Hannan and loses puck.
15:51 of 3rd period - Shot by Dustin Brown.
15:51 of 3rd period - Shot Misses the Net.
15:53 of 3rd period - Shot by Patrice Bergeron.
15:53 of 3rd period - Shot Misses the Net.
16:33 of 3rd period - Matt Duchene is hit by Dustin Brown and loses puck.
16:47 of 3rd period - Icing by Anton Stralman.
16:48 of 3rd period - Mikhail Grabovski wins face-off versus Patrice Bergeron in Blue Jackets zone.
17:45 of 3rd period - Shot by Matt Duchene.
17:45 of 3rd period - Deflect By Joffrey Lupul.
17:45 of 3rd period - Shot Misses the Net.
17:55 of 3rd period - Shot by Travis Zajac.
17:55 of 3rd period - Shot Blocked by James Wisniewski.
17:57 of 3rd period - Shot by Brad Stuart.
17:57 of 3rd period - Stopped by Sergei Bobrovsky with a rebound.
18:58 of 3rd period - Off-side.
18:59 of 3rd period - John Mitchell wins face-off versus James Sheppard in neutral zone.
18:59 of 3rd period - John Mitchell is hit by J.T. Brown.
19:04 of 3rd period - Off-side.
19:05 of 3rd period - Nate Thompson wins face-off versus Pierre-Alexandre Parenteau in neutral zone.
19:05 of 3rd period - Nate Thompson is hit by Pierre-Alexandre Parenteau.
19:12 of 3rd period - Icing by Mark Fraser.
19:13 of 3rd period - Tyler Johnson wins face-off versus Mikhail Grabovski in Red Wings zone.
19:16 of 3rd period - Shot by Ray Whitney.
19:16 of 3rd period - Shot Misses the Net.
19:19 of 3rd period - Icing by Matt Carle.
19:20 of 3rd period - James Sheppard wins face-off versus Pierre-Alexandre Parenteau in Red Wings zone.
19:51 of 3rd period - Shot by James Sheppard.
19:51 of 3rd period - Stopped by Sergei Bobrovsky without a rebound.
19:52 of 3rd period - Tyler Johnson wins face-off versus Matt Duchene in Red Wings zone.
Goals for this period are 0 for Blue Jackets vs 1 for Red Wings.
Shots for this period are 10 for Blue Jackets vs 9 for Red Wings.


Output by the SimonT Hockey Simulator (STHS) for Mathias Vaigur -- Original Page W3C XHTML 1.0 Valid
Hockey Simulator - Hockey Simulation - Hockey Manager